 Dungeon Crawl Stone Soup version 0.30-a0-778-g2ef04afb54 (webtiles) character file.

Game seed: 17409653723851602300

209 Zenkrye the Poker (level 6, 0/47 HPs)
             Began as a Human Cinder Acolyte on Feb 15, 2023.
             Was a High Priest of Ignis.
             Slain by Duvessa
             ... wielding a +2 rapier of venom
              (2 damage)
             ... on level 4 of the Dungeon.
             The game lasted 00:07:11 (2803 turns).

Zenkrye the Poker (Human Cinder Acolyte)            Turns: 2803, Time: 00:07:12

Health: 0/47       AC:  4    Str: 23    XL:     6   Next: 12%
Magic:  7/7        EV: 11    Int: 20    God:    Ignis [*****.]
Gold:   116        SH:  0    Dex:  8    Spells: 5/7 levels left

rFire   + . .      SeeInvis .    a - -1 spear (flame)
rCold   . . .      Faith    .    (no shield)
rNeg    . . .      Spirit   .    b - +1 robe
rPois   .          Reflect  .    (no helmet)
rElec   .          Harm     .    (no cloak)
rCorr   .          Rampage  .    f - +0 pair of gloves
Will    .....                    (no boots)
Stlth   +                        (no amulet)
HPRegen 0.27/turn                t - +6 ring of intelligence
MPRegen 0.10/turn                e - +6 ring of strength

@: lethally poisoned (0 -> -10)
A: no striking features
a: Renounce Religion, Fiery Armour, Foxfire Swarm, Rising Flame


You were on level 4 of the Dungeon.
You worshipped Ignis.
Ignis was extremely pleased with you.
You visited 1 branch of the dungeon, and saw 4 of its levels.

You collected 116 gold pieces.

Inventory:

Hand Weapons
 a - a -1 spear of flaming (weapon)
 l - a +0 spear
Armour
 b - a +1 robe (worn)
 f - a +0 pair of gloves (worn)
Magical Staves
 d - a staff of earth
 r - a staff of conjuration
Jewellery
 e - a +6 ring of strength (right hand)
 t - a +6 ring of intelligence (left hand)
Scrolls
 i - a scroll of identify {@r1}
 j - a scroll of blinking {@r4}
 q - a scroll of vulnerability {unknown}
 u - a scroll of silence {unknown}
Potions
 c - 2 potions of berserk rage
 g - 3 potions of curing {@q1}
 h - a potion of invisibility
 k - 2 potions of brilliance
 m - 2 potions of haste {unknown}
 n - a potion of might {unknown}
 o - 2 potions of degeneration {unknown}
 p - 2 potions of magic {unknown}


   Skills:
 - Level 3.0 Fighting
 * Level 5.5 Polearms
 - Level 1.0 Spellcasting
 + Level 4.3 Fire Magic


You had 5 spell levels left.
You knew the following spells:

 Your Spells              Type           Power      Damage    Failure   Level
a - Scorch                Fire           36%        2d7       4%          2

Your spell library contained the following spells:

 Spells                   Type           Power      Damage    Failure   Level
 Ozocubu's Armour         Ice            1%         N/A       45%         3
 Metabolic Englaciation   Hex/Ice        0%         N/A       99%         5
 Simulacrum               Ice/Necr       0%         N/A       100%        6


Dungeon Overview and Level Annotations

Branches:
Dungeon (4/15)
 Temple: D:4-7

Altars:
Elyvilon
Ru

Shops:
D:1 [   D:2 =

Annotations:
D:4 Duvessa


Message History

Duvessa hits you with a +2 rapier of venom!
Aiming: Charm
Press: ? - help, Shift-Dir - straight line, f/p - Duvessa
Aim: Duvessa, wielding a +2 rapier of venom and wearing a +0 scale mail (berserk, chance to affect: 31%) Duvessa is charmed.
You feel very sick.
You feel very sick.
You feel sick.
You feel sick.
You feel sick.
You feel sick.
You feel sick.
You feel sick.
You feel sick.
You are no longer poisoned.
Duvessa rages.
Duvessa rages.
Duvessa rages.
An adder comes into view.
The adder hisses angrily.
You hear a shout!
Duvessa closely misses the adder.
The adder misses you.
Duvessa hits the adder with a +2 rapier of venom!
The adder dies!
Duvessa rages. x2
Duvessa is no longer charmed.
Duvessa hits you with a +2 rapier of venom!
* * * LOW HITPOINT WARNING * * *
You are lethally poisoned!
Okay, then.
Okay, then.
Unknown command.
Aiming: Charm
Press: ? - help, Shift-Dir - straight line, f/p - Duvessa
Aim: Duvessa, wielding a +2 rapier of venom and wearing a +0 scale mail (berserk, chance to affect: 31%) Duvessa easily resists.
The now-empty wand crumbles to dust.
* * * LOW HITPOINT WARNING * * *
You feel very sick.
Duvessa hits you with a +2 rapier of venom.
You die...

##..#### #.....######
##.........#
#.........#
#.........#########
###.................#
....................#
##...>..............#
#..............e@†<.#
..#........(.....)..#
###.................#
#...######......>.#
#..# ########## ...


You could see Duvessa (berserk).

Vanquished Creatures
  An ogre (D:4)
  5 adders
  A worm (D:2)
  6 orcs (D:3)
  5 ball pythons
  5 endoplasms
  A giant cockroach (D:2)
  A goblin (D:2)
  6 hobgoblins
  3 jackals (D:2)
  7 kobolds
  6 quokkas (D:1)
  5 bats
  2 frilled lizards
  4 rats
58 creatures vanquished.

Vanquished Creatures (collateral kills)
  An adder (D:4)
  A goblin (D:4)
2 creatures vanquished.

Vanquished Creatures (others)
  Dowan (D:4)
1 creature vanquished.

Grand Total: 61 creatures vanquished

Notes
Turn   | Place    | Note
-------+----------+-------------------------------------------
     0 | D:1      | Zenkrye the Human Cinder Acolyte began the quest for the
                  | Orb.
     0 | D:1      | Reached XP level 1. HP: 18/18 MP: 2/2
     3 | D:1      | You fall into a shaft and drop 1 floor!
    13 | D:2      | Reached XP level 2. HP: 22/24 MP: 3/3
    16 | D:2      | Learned a level 2 spell: Scorch
   264 | D:1      | Reached XP level 3. HP: 21/29 MP: 4/4
   750 | D:1      | Found Diveth's Armour Shoppe.
   867 | D:1      | Reached skill level 4 in Polearms
  1229 | D:2      | Found Readesm's Jewellery Emporium.
  1310 | D:2      | Reached XP level 4. HP: 35/35 MP: 0/5
  2022 | D:3      | Found a white marble altar of Elyvilon.
  2112 | D:3      | Found a sacrificial altar of Ru.
  2412 | D:4      | Reached XP level 5. HP: 41/41 MP: 3/6
  2412 | D:4      | Noticed Dowan
  2418 | D:4      | Noticed Duvessa
  2432 | D:4      | Your ally Dowan died
  2614 | D:4      | Noticed an ogre
  2627 | D:4      | Killed an ogre
  2628 | D:4      | Reached skill level 5 in Polearms
  2628 | D:4      | Reached XP level 6. HP: 37/47 MP: 0/7
  2803 | D:4      | HP: 2/47 [poisoned by Duvessa]
  2803 | D:4      | Slain by Duvessa

Illustrated notes

Levels and vault maps discovered:
D:1:      ncdulo_halloftheorcs, layout_loops_corners, serial_shops, shop_statue
D:2:      layout_loops_ring, serial_glass, glass_columns_c, glass_columns_a,
          serial_shops, shop
D:3:      layout_rooms, mainiacjoe_overflow_alcove_2, overflow_temple_1_default
D:4:      layout_rooms, grunt_gozag_statues, nicolae_tso_swordbearing_angel,
          uniq_blork_the_orc, uniq_duvessa, uniq_pikel

Skill      XL: |  1  2  3  4  5 |
---------------+----------------+-----
Polearms       | 4 5 |  5.5
Fire Magic     | 4 |  4.3
Fighting       | |  3.0
Spellcasting   | |  1.0

Action                     |  1- 3 |  4- 6 || total
---------------------------+-------+-------++-------
  Melee: Spear             |    97 |   111 ||   208
         Punch             |       |     1 ||     1
   Cast: Scorch            |     5 |     9 ||    14
  Evoke: Wand              |       |     6 ||     6
    Use: Scroll            |     3 |     6 ||     9
 Armour: Robe              |    11 |    22 ||    33
  Dodge: Dodged            |    40 |    52 ||    92

Table legend: (Time is in decaauts)
 A = Elapsed time spent in this place.
 B = Non-inter-level travel time spent in this place.
 C = Inter-level travel time spent in this place.
 D = Time resting spent in this place.
 E = Time spent auto-exploring this place.
 F = Levels seen in this place.
 G = Mean time per level.
                   A        B        C        D        E       F      G
               +--------+--------+--------+--------+--------+-----+--------+
         Total |   2781 |   2654 |    127 |    138 |   2015 |   4 |  695.2 |
       Dungeon |   2781 |   2654 |    127 |    138 |   2015 |   4 |  695.2 |
               +--------+--------+--------+--------+--------+-----+--------+

Top non-repeatable levels by time:
     D:1: 1031 daAuts
     D:3: 800 daAuts
     D:2: 797 daAuts
     D:4: 151 daAuts
